 Dungeon Crawl Stone Soup version 0.30-a0-743-gbfdf073431 (webtiles) character file.

Game seed: 2283927944080913169

77 Newt the Shooter (level 4, -3/30 HPs)
             Began as a Kobold Hunter on Feb 7, 2023.
             Killed from afar by Ijyb (18 damage)
             ... with an iceblast
             ... on level 3 of the Dungeon.
             The game lasted 00:01:44 (1619 turns).

Newt the Shooter (Kobold Hunter)                    Turns: 1619, Time: 00:01:45

Health: -3/30      AC:  3    Str:  8    XL:     4   Next: 60%
Magic:  0/4        EV: 14    Int: 10    God:
Gold:   102        SH:  0    Dex: 20    Spells: 3/3 levels left

rFire   . . .      SeeInvis .    a - +0 shortbow
rCold   . . .      Faith    .    (shield currently unavailable)
rNeg    . . .      Spirit   +    c - +0 leather armour
rPois   .          Reflect  .    (no helmet)
rElec   .          Harm     .    f - scarf {repulsion}
rCorr   .          Rampage  .    (no gloves)
Will    .....                    (no boots)
Stlth   +++                      k - amulet of guardian spirit
HPRegen 0.25/turn                (no ring)
MPRegen 0.09/turn                (no ring)

@: repel missiles
A: small, no large weapons, nightstalker 3
a: no special abilities


You were on level 3 of the Dungeon.
You visited 1 branch of the dungeon, and saw 3 of its levels.

You collected 102 gold pieces.

Inventory:

Hand Weapons
 a - a +0 shortbow (weapon)
Armour
 c - a +0 leather armour (worn)
 f - a scarf of repulsion (worn)
Jewellery
 k - an amulet of guardian spirit (around neck)
Scrolls
 b - a scroll of immolation
 i - 2 scrolls of enchant weapon {unknown}
Potions
 d - a potion of might
 e - a potion of degeneration {unknown}
 g - 2 potions of mutation {unknown}
 h - 2 potions of curing {unknown}
 j - 2 potions of haste {unknown}


   Skills:
 + Level 4.9 Fighting
 - Level 5.3 Ranged Weapons
 - Level 2.4 Dodging
 - Level 1.3 Stealth


You had 3 spell levels left.
You didn't know any spells.
Your spell library was empty.

Dungeon Overview and Level Annotations

Branches:
Dungeon (3/15)

Altars:

Shops:
D:1 (

Annotations:
D:3 Ijyb


Innate Abilities, Weirdness & Mutations

You are small and have problems with some larger weapons.
You are completely attuned to the shadows.


Message History

(D) Dungeon
Where to? (Enter - D:2, ? - help)
There is a stone staircase leading down here.
You climb downwards.
Found 15 gold pieces.
There is a stone staircase leading up here.
A bat is nearby!
Okay, then.
You shoot an arrow. The arrow hits the bat!
You kill the bat!
No target in view!
As you read the scroll labelled DUEPTA ENAMIFF, it crumbles to dust.
You feel aware of your surroundings.
It was a scroll of magic mapping.
This is a scroll of acquirement!
Something appears at your feet!
f - a scarf of repulsion You start putting on your armour.
You continue putting on your scarf of repulsion. x4
You finish putting on your scarf of repulsion.
You are surrounded by a repulsion field.
You now have 102 gold pieces (gained 15).
h - 2 sedimented inky potions
Found a robe.
No target in view!
Ijyb the Twisted Goblin comes into view.
She is wielding a +0 club and carrying a wand of iceblast (12).
Ijyb is nearby!
You shoot an arrow. The arrow hits Ijyb but does no damage.
Ijyb shouts!
Ijyb zaps a wand.
The mass of ice explodes!
The iceblast engulfs you!
You shoot an arrow. The arrow hits Ijyb.
Ijyb is moderately wounded.
You shoot an arrow. The arrow hits Ijyb.
Ijyb is moderately wounded.
Ijyb zaps a wand.
The mass of ice explodes!
The iceblast engulfs you!
You are too injured to fight recklessly!
You are too injured to fight recklessly!
Okay, then.
Ijyb zaps a wand.
The mass of ice explodes!
The iceblast engulfs you!!
Ouch! That really hurt!
You die...

* *,,,,*,* *,****,,,,,,,*
*,* * *,****,*
*,*,,,,,,,,,,* *>* * *,*
*,* *,,,,,,,,,,,,* *,*
****,* #.* ***,,,,,,,,,,*
*,*
,,,,,*###.#####*,.[....,,,*
*,*
******#.......#*,......,,,*
*,** *
#.......#**#.....,,,* *,,,
* #....<†.####.....,,,*
***** #.........@..g...,,,*
*,,,, #.......####.....,,,*
*,,,, #.......# #.....,,,*
*,,,, #.......# #.....,,,*
*,,,, #.......# ######****
*,,,, #.......# *,,,,
######### *****


You could see Ijyb.

Vanquished Creatures
  An adder (D:2)
  A worm (D:2)
  7 endoplasms
  5 giant cockroaches (D:2)
  10 goblins
  4 hobgoblins (D:2)
  3 jackals (D:1)
  6 kobolds
  5 quokkas
  A ball python (D:2)
  4 bats
  7 frilled lizards
  2 rats (D:1)
  2 butterflies (D:1)
58 creatures vanquished.

Notes
Turn   | Place    | Note
-------+----------+-------------------------------------------
     0 | D:1      | Newt the Kobold Hunter began the quest for the Orb.
     0 | D:1      | Reached XP level 1. HP: 12/12 MP: 1/1
   135 | D:1      | Reached XP level 2. HP: 18/18 MP: 2/2
   434 | D:1      | Reached XP level 3. HP: 23/23 MP: 3/3
   439 | D:1      | Found Ziocy's Weapon Boutique.
  1012 | D:2      | Reached XP level 4. HP: 30/30 MP: 4/4
  1433 | D:2      | Found a faded altar of an unknown god.
  1588 | D:3      | Identified a scroll of acquirement
  1588 | D:3      | Acquired a scarf of repulsion
  1614 | D:3      | Noticed Ijyb
  1619 | D:3      | Killed from afar by Ijyb

Illustrated notes

Levels and vault maps discovered:
D:1:      spicycebolla_arrival_clurvy, layout_basic, serial_shops,
          nicolae_shop_bloodbath_and_beyond, minivault_27
D:2:      layout_rooms, hellmonk_ecumenical_altar_slurped_away,
          minmay_octomino_c4
D:3:      layout_basic, uniq_ijyb

Skill      XL: |  1  2  3 |
---------------+----------+-----
Fighting       | 3 4 |  4.9
Ranged Weapons | |  5.3
Dodging        | |  2.4
Stealth        | |  1.3

Action                     |  1- 3 |  4- 6 || total
---------------------------+-------+-------++-------
   Fire: Shortbow          |    76 |    51 ||   127
    Use: Scroll            |     3 |     2 ||     5
 Armour: Leather armour    |     7 |     4 ||    11
  Dodge: Dodged            |    17 |     6 ||    23

Table legend: (Time is in decaauts)
 A = Elapsed time spent in this place.
 B = Non-inter-level travel time spent in this place.
 C = Inter-level travel time spent in this place.
 D = Time resting spent in this place.
 E = Time spent auto-exploring this place.
 F = Levels seen in this place.
 G = Mean time per level.
                   A        B        C        D        E       F      G
               +--------+--------+--------+--------+--------+-----+--------+
         Total |   1653 |   1618 |     35 |     62 |   1299 |   3 |  551.0 |
       Dungeon |   1653 |   1618 |     35 |     62 |   1299 |   3 |  551.0 |
               +--------+--------+--------+--------+--------+-----+--------+

Top non-repeatable levels by time:
     D:1: 911 daAuts
     D:2: 706 daAuts
     D:3: 34 daAuts
